[ AOE2 MATCH · #505259312 ]
UnrankedWu vs Georgians
Player's team · WIN
Rival team · LOSS
[ REPLAY ANALYSIS · EXTRACTED FROM THE RECORDED GAME ]
Feudal
8:50
Castle
20:17
Imperial
35:02
| APM avg | 71.1 |
| APM peak | 107 |
| eAPM avg | 32.1 |
| Villagers / military | 138 / 74 |
Focus
⚔️ 50.4% · 🌾 49.6%
Archer ×59 · Unknown (1942) ×6 · Unknown (1968) ×6 · Scout Cavalry ×5 · Monk ×4 · Mangonel ×4
Feudal
9:19
Castle
20:38
Imperial
36:36
| APM avg | 75.3 |
| APM peak | 101 |
| eAPM avg | 40.5 |
| Villagers / military | 142 / 56 |
Focus
⚔️ 49.7% · 🌾 50.3%
Skirmisher ×19 · Cavalry Archer ×18 · Monaspa ×5 · Spearman ×4 · Mangonel ×3 · Trebuchet (Packed) ×3
Match map
Initial resources + every placement click. Lines = walls · curves = elevation contours. ◆ gold · ⬟ stone · ● berries · ✦ relic · ◌ wall gap
Your base· Open — unwalled flank
我本善良's base· ✓ Closed at 20:38 · 61t walls · 2 gate(s)
Smoothed initial terrain · ◌ = detected wall gap · hover for details
Inputs per minute
— 小少少 - - 我本善良
Build order — 小少少
First 150 of 412 actions detected
| 0:00 | Queue | Villager (Male) |
| 0:00 | Queue | Villager (Male) |
| 0:02 | Build | House |
| 0:07 | Queue | Villager (Male) |
| 0:08 | Queue | Villager (Male) |
| 1:24 | Build | House |
| 1:25 | Queue | Villager (Male) |
| 1:48 | Build | House |
| 1:53 | Queue | Villager (Male) |
| 2:10 | Queue | Villager (Male) |
| 2:16 | Build | Lumber Camp |
| 2:39 | Queue | Villager (Male) |
| 3:01 | Queue | Villager (Male) |
| 3:36 | Queue | Villager (Male) |
| 3:38 | Queue | Villager (Male) |
| 4:13 | Queue | Villager (Male) |
| 4:37 | Queue | Villager (Male) |
| 4:38 | Queue | Villager (Male) |
| 4:43 | Build | Mill |
| 4:47 | Queue | Villager (Male) |
| 4:56 | Research | Loom |
| 6:40 | Research | Feudal Age |
| 6:40 | Research | Feudal Age |
| 7:03 | Build | House |
| 7:18 | Build | Palisade Wall |
| 7:19 | Build | Palisade Wall |
| 7:21 | Build | Palisade Wall |
| 7:22 | Build | Palisade Wall |
| 7:24 | Build | Palisade Wall |
| 7:27 | Build | Palisade Wall |
| 7:29 | Build | House |
| 7:55 | Build | Barracks |
| 8:12 | Queue | Villager (Male) |
| 8:18 | Build | Palisade Wall |
| 8:40 | Build | Palisade Wall |
| 8:41 | Build | Palisade Wall |
| 8:46 | Build | Palisade Wall |
| 8:50 | Age | Feudal Age |
| 8:52 | Queue | Villager (Male) |
| 8:55 | Research | Double-Bit Axe |
| 9:01 | Build | Stable |
| 9:02 | Queue | Spearman |
| 9:14 | Build | Farm |
| 9:18 | Queue | Villager (Male) |
| 9:20 | Build | Farm |
| 9:40 | Build | Farm |
| 9:48 | Queue | Villager (Male) |
| 9:56 | Queue | Scout Cavalry |
| 9:59 | Build | House |
| 10:08 | Queue | Villager (Male) |
| 10:14 | Build | Farm |
| 10:17 | Queue | Scout Cavalry |
| 10:27 | Build | Farm |
| 10:34 | Queue | Scout Cavalry |
| 10:34 | Queue | Villager (Male) |
| 10:36 | Build | Farm |
| 10:53 | Build | House |
| 11:00 | Queue | Villager (Male) |
| 11:04 | Build | Palisade Wall |
| 11:05 | Build | Farm |
| 11:19 | Queue | Scout Cavalry |
| 11:24 | Build | Farm |
| 11:34 | Queue | Villager (Male) |
| 11:50 | Build | Archery Range |
| 11:52 | Queue | Villager (Male) |
| 12:31 | Queue | Villager (Male) |
| 12:33 | Build | Mining Camp |
| 12:57 | Queue | Villager (Male) |
| 12:59 | Queue | Archer |
| 13:04 | Build | House |
| 13:10 | Queue | Villager (Male) |
| 13:15 | Queue | Villager (Male) |
| 13:17 | Build | Farm |
| 13:18 | Build | Farm |
| 13:29 | Build | House |
| 13:31 | Build | House |
| 13:35 | Queue | Skirmisher |
| 13:38 | Queue | Archer |
| 13:43 | Queue | Villager (Male) |
| 13:45 | Build | Farm |
| 13:47 | Queue | Villager (Male) |
| 13:59 | Build | Farm |
| 14:04 | Queue | Archer |
| 14:06 | Queue | Villager (Male) |
| 14:09 | Build | Farm |
| 14:36 | Queue | Villager (Male) |
| 14:36 | Queue | Archer |
| 14:42 | Build | House |
| 14:47 | Build | House |
| 15:17 | Queue | Villager (Male) |
| 15:26 | Queue | Archer |
| 15:36 | Build | House |
| 15:37 | Build | Palisade Wall |
| 15:38 | Queue | Archer |
| 16:00 | Queue | Villager (Male) |
| 16:21 | Queue | Villager (Male) |
| 16:21 | Queue | Archer |
| 16:23 | Build | Palisade Wall |
| 16:41 | Build | Blacksmith |
| 16:46 | Queue | Villager (Male) |
| 16:49 | Build | House |
| 17:04 | Build | Farm |
| 17:09 | Build | House |
| 17:23 | Build | Palisade Wall |
| 17:37 | Research | Castle Age |
| 17:37 | Queue | Archer |
| 17:45 | Build | Palisade Wall |
| 17:50 | Queue | Archer |
| 18:06 | Queue | Scout Cavalry |
| 18:14 | Queue | Archer |
| 18:18 | Research | Fletching |
| 18:18 | Research | Fletching |
| 18:56 | Queue | Archer |
| 19:11 | Build | Farm |
| 19:13 | Research | Horse Collar |
| 19:14 | Research | Gold Mining |
| 19:30 | Queue | Archer |
| 19:35 | Queue | Villager (Male) |
| 19:40 | Build | Lumber Camp |
| 20:17 | Age | Castle Age |
| 20:20 | Build | Town Center |
| 20:22 | Research | Crossbowman (upgrade) |
| 20:35 | Research | Bodkin Arrow |
| 20:40 | Queue | Villager (Male) |
| 20:43 | Queue | Archer |
| 20:49 | Queue | Unit 1944 |
| 21:09 | Queue | Villager (Male) |
| 21:11 | Queue | Archer |
| 21:14 | Queue | Villager (Male) |
| 21:34 | Queue | Villager (Male) |
| 21:37 | Queue | Villager (Male) |
| 21:39 | Queue | Villager (Male) |
| 21:46 | Queue | Villager (Male) |
| 22:00 | Queue | Villager (Male) |
| 22:09 | Build | Town Center |
| 22:15 | Build | Farm |
| 22:19 | Queue | Archer |
| 22:23 | Queue | Villager (Male) |
| 22:25 | Queue | Villager (Male) |
| 22:31 | Queue | Villager (Male) |
| 22:34 | Queue | Villager (Male) |
| 22:43 | Queue | Villager (Male) |
| 22:44 | Queue | Unit 1944 |
| 22:57 | Queue | Archer |
| 23:03 | Queue | Villager (Male) |
| 23:05 | Build | Farm |
| 23:06 | Build | Farm |
| 23:06 | Build | Farm |
| 23:07 | Build | Farm |
| 23:14 | Queue | Villager (Male) |
Build order — 我本善良
First 150 of 412 actions detected
| 0:00 | Queue | Villager (Male) |
| 0:00 | Queue | Villager (Male) |
| 0:01 | Build | House |
| 0:02 | Build | House |
| 0:11 | Queue | Villager (Male) |
| 0:11 | Queue | Villager (Male) |
| 1:32 | Queue | Villager (Male) |
| 1:32 | Queue | Villager (Male) |
| 2:01 | Queue | Villager (Male) |
| 2:02 | Queue | Villager (Male) |
| 2:13 | Build | Barracks |
| 2:33 | Queue | Villager (Male) |
| 2:54 | Queue | Villager (Male) |
| 3:18 | Queue | Villager (Male) |
| 3:31 | Queue | Militia |
| 3:38 | Build | House |
| 3:48 | Queue | Villager (Male) |
| 3:48 | Queue | Villager (Male) |
| 4:00 | Queue | Villager (Male) |
| 4:02 | Queue | Militia |
| 4:15 | Queue | Villager (Male) |
| 4:35 | Queue | Villager (Male) |
| 4:52 | Queue | Villager (Male) |
| 5:14 | Queue | Villager (Male) |
| 5:21 | Build | House |
| 5:53 | Research | Loom |
| 5:57 | Build | Mill |
| 6:20 | Queue | Villager (Male) |
| 6:42 | Build | Palisade Wall |
| 6:44 | Build | Palisade Wall |
| 7:09 | Research | Feudal Age |
| 8:02 | Build | Palisade Wall |
| 8:04 | Build | Palisade Wall |
| 8:11 | Build | Palisade Wall |
| 8:14 | Build | Palisade Wall |
| 8:26 | Queue | Villager (Male) |
| 8:54 | Build | Palisade Wall |
| 9:19 | Age | Feudal Age |
| 9:21 | Build | Archery Range |
| 9:22 | Build | Stone Wall |
| 9:25 | Build | Palisade Wall |
| 9:26 | Research | Double-Bit Axe |
| 9:27 | Queue | Villager (Male) |
| 9:32 | Queue | Spearman |
| 9:51 | Build | House |
| 9:56 | Build | Palisade Wall |
| 9:58 | Build | Palisade Wall |
| 10:00 | Build | Palisade Wall |
| 10:00 | Build | Palisade Wall |
| 10:04 | Queue | Villager (Male) |
| 10:16 | Build | House |
| 10:21 | Build | Palisade Wall |
| 10:24 | Queue | Skirmisher |
| 10:32 | Queue | Villager (Male) |
| 10:45 | Build | Palisade Wall |
| 10:46 | Queue | Skirmisher |
| 10:55 | Queue | Villager (Male) |
| 11:02 | Build | Farm |
| 11:03 | Build | Farm |
| 11:04 | Build | Farm |
| 11:12 | Queue | Skirmisher |
| 11:18 | Build | House |
| 11:22 | Queue | Spearman |
| 11:30 | Build | Palisade Wall |
| 11:31 | Queue | Spearman |
| 11:47 | Queue | Villager (Male) |
| 11:56 | Build | Palisade Wall |
| 11:59 | Build | Palisade Wall |
| 12:00 | Build | Palisade Wall |
| 12:01 | Build | Palisade Wall |
| 12:02 | Build | Palisade Wall |
| 12:07 | Build | Palisade Wall |
| 12:12 | Queue | Villager (Male) |
| 12:20 | Build | Palisade Gate |
| 12:22 | Build | Farm |
| 12:28 | Queue | Skirmisher |
| 12:30 | Queue | Spearman |
| 12:31 | Build | Farm |
| 12:35 | Build | House |
| 12:44 | Build | Palisade Wall |
| 12:44 | Build | Palisade Wall |
| 12:53 | Build | Farm |
| 12:55 | Build | Farm |
| 12:58 | Queue | Villager (Male) |
| 13:00 | Queue | Villager (Male) |
| 13:07 | Build | Palisade Wall |
| 13:11 | Build | Farm |
| 13:13 | Build | Farm |
| 13:18 | Queue | Villager (Male) |
| 13:41 | Queue | Villager (Male) |
| 13:44 | Build | Farm |
| 13:46 | Build | Palisade Gate |
| 13:50 | Queue | Villager (Male) |
| 13:53 | Build | Mule Cart |
| 14:10 | Build | House |
| 14:45 | Build | Farm |
| 14:46 | Build | Farm |
| 14:53 | Build | Farm |
| 14:55 | Build | Farm |
| 14:57 | Build | Palisade Wall |
| 14:59 | Build | Palisade Wall |
| 15:01 | Build | Palisade Wall |
| 15:04 | Build | Palisade Wall |
| 15:08 | Queue | Villager (Male) |
| 15:12 | Queue | Skirmisher |
| 15:26 | Queue | Villager (Male) |
| 15:28 | Build | Farm |
| 15:31 | Build | Farm |
| 15:32 | Queue | Skirmisher |
| 15:43 | Build | Farm |
| 16:02 | Queue | Villager (Male) |
| 16:25 | Queue | Villager (Male) |
| 16:50 | Queue | Villager (Male) |
| 16:58 | Build | Blacksmith |
| 17:04 | Queue | Skirmisher |
| 17:15 | Queue | Villager (Male) |
| 17:34 | Build | House |
| 17:58 | Research | Castle Age |
| 17:58 | Research | Castle Age |
| 18:04 | Queue | Skirmisher |
| 18:08 | Build | Archery Range |
| 18:15 | Build | House |
| 18:17 | Build | House |
| 18:37 | Build | Mule Cart |
| 18:48 | Research | Fletching |
| 18:49 | Queue | Skirmisher |
| 19:01 | Queue | Skirmisher |
| 19:05 | Build | House |
| 19:06 | Build | House |
| 19:11 | Build | House |
| 19:16 | Queue | Villager (Male) |
| 19:40 | Research | Padded Archer Armor |
| 20:00 | Research | Wheelbarrow |
| 20:04 | Research | Gold Mining |
| 20:38 | Age | Castle Age |
| 20:48 | Build | Town Center |
| 20:51 | Research | Bodkin Arrow |
| 20:54 | Queue | Villager (Male) |
| 21:10 | Queue | Villager (Male) |
| 21:24 | Research | Town Watch |
| 21:29 | Queue | Villager (Male) |
| 21:32 | Queue | Villager (Male) |
| 22:01 | Queue | Villager (Male) |
| 22:02 | Queue | Villager (Male) |
| 22:06 | Build | Town Center |
| 22:14 | Queue | Villager (Male) |
| 22:14 | Queue | Villager (Male) |
| 22:25 | Queue | Villager (Male) |
| 22:53 | Build | Stable |
| 22:57 | Queue | Villager (Male) |
Match timeline
| 2:13 | 我本善良 · first_building Barracks |
| 6:42 | 我本善良 · wall_segment Palisade Wall x1 |
| 6:44 | 我本善良 · wall_segment Palisade Wall x1 |
| 7:18 | 小少少 · wall_segment Palisade Wall x1 |
| 7:19 | 小少少 · wall_segment Palisade Wall x1 |
| 7:21 | 小少少 · wall_segment Palisade Wall x1 |
| 7:22 | 小少少 · wall_segment Palisade Wall x2 |
| 7:24 | 小少少 · wall_segment Palisade Wall x1 |
| 7:27 | 小少少 · wall_segment Palisade Wall x1 |
| 7:55 | 小少少 · first_building Barracks |
| 8:02 | 我本善良 · wall_segment Palisade Wall x6 |
| 8:04 | 我本善良 · wall_segment Palisade Wall x7 |
| 8:11 | 我本善良 · wall_segment Palisade Wall x4 |
| 8:14 | 我本善良 · wall_segment Palisade Wall x4 |
| 8:18 | 小少少 · wall_segment Palisade Wall x1 |
| 8:40 | 小少少 · wall_segment Palisade Wall x1 |
| 8:41 | 小少少 · wall_segment Palisade Wall x1 |
| 8:46 | 小少少 · wall_segment Palisade Wall x1 |
| 8:50 | 小少少 · age_up feudal |
| 8:54 | 我本善良 · wall_segment Palisade Wall x5 |
| 9:01 | 小少少 · first_building Stable |
| 9:19 | 我本善良 · age_up feudal |
| 9:21 | 我本善良 · first_building Archery Range |
| 9:22 | 我本善良 · wall_segment Stone Wall x2 |
| 9:25 | 我本善良 · wall_segment Palisade Wall x1 |
| 9:56 | 我本善良 · wall_segment Palisade Wall x1 |
| 9:58 | 我本善良 · wall_segment Palisade Wall x1 |
| 10:00 | 我本善良 · wall_segment Palisade Wall x1 |
| 10:00 | 我本善良 · wall_segment Palisade Wall x1 |
| 10:21 | 我本善良 · wall_segment Palisade Wall x1 |
| 10:45 | 我本善良 · wall_segment Palisade Wall x1 |
| 11:04 | 小少少 · wall_segment Palisade Wall x1 |
| 11:30 | 我本善良 · wall_segment Palisade Wall x6 |
| 11:50 | 小少少 · first_building Archery Range |
| 11:56 | 我本善良 · wall_segment Palisade Wall x1 |
| 11:59 | 我本善良 · wall_segment Palisade Wall x1 |
| 12:00 | 我本善良 · wall_segment Palisade Wall x1 |
| 12:01 | 我本善良 · wall_segment Palisade Wall x1 |
| 12:02 | 我本善良 · wall_segment Palisade Wall x1 |
| 12:07 | 我本善良 · wall_segment Palisade Wall x1 |
| 12:44 | 我本善良 · wall_segment Palisade Wall x1 |
| 12:44 | 我本善良 · wall_segment Palisade Wall x1 |
| 13:07 | 我本善良 · wall_segment Palisade Wall x9 |
| 14:57 | 我本善良 · wall_segment Palisade Wall x1 |
| 14:59 | 我本善良 · wall_segment Palisade Wall x1 |
| 15:01 | 我本善良 · wall_segment Palisade Wall x1 |
| 15:04 | 我本善良 · wall_segment Palisade Wall x1 |
| 15:37 | 小少少 · wall_segment Palisade Wall x4 |
| 16:23 | 小少少 · wall_segment Palisade Wall x11 |
| 17:23 | 小少少 · wall_segment Palisade Wall x3 |
| 17:45 | 小少少 · wall_segment Palisade Wall x4 |
| 20:17 | 小少少 · age_up castle |
| 20:38 | 我本善良 · age_up castle |
| 22:53 | 我本善良 · first_building Stable |
| 23:24 | 我本善良 · first_building Monastery |
| 23:53 | 小少少 · first_building Monastery |
| 25:03 | 我本善良 · first_building Siege Workshop |
| 25:18 | 小少少 · first_building Siege Workshop |
| 30:10 | 我本善良 · wall_segment Palisade Wall x12 |
| 30:27 | 小少少 · first_market_buy 100 wood |
| 31:45 | 小少少 · first_market_sell 100 wood |
| 31:57 | 小少少 · wall_segment Palisade Wall x1 |
| 33:15 | 我本善良 · first_market_sell 100 wood |
| 33:38 | 我本善良 · wall_segment Stone Wall x9 |
| 33:41 | 我本善良 · wall_segment Stone Wall x9 |
| 34:24 | 小少少 · first_building Castle |
| 34:26 | 我本善良 · first_building Castle |
| 35:02 | 小少少 · age_up imperial |
| 35:07 | 我本善良 · wall_segment Palisade Wall x8 |
| 35:34 | 我本善良 · first_market_buy 100 wood |
| 36:36 | 我本善良 · age_up imperial |
| 39:29 | 我本善良 · resign |
[ AI ANALYSIS · 1 CREDIT ]
What really happened in this match?
Wolo.gg analyzes every decision: build order, eco, micro, common mistakes by bracket. Personalized analysis on WhatsApp or Discord in 30 seconds.
Civ guide
Wu
Perfil
Jugador #9750845